 Dungeon Crawl Stone Soup version 0.29-a0-284-gf9362112df (webtiles) character file.

Game seed: 7339058227973940408

5523 epen the Archer (level 10, -4/60 HPs)
             Began as a Deep Elf Hunter on Mar 14, 2022.
             Was an Initiate of Dithmenos.
             Slain by a troll (8 damage)
             ... on level 10 of the Dungeon.
             The game lasted 00:14:25 (10669 turns).

epen the Archer (Deep Elf Hunter)                  Turns: 10669, Time: 00:14:26

Health: -4/60      AC:  8    Str:  8    XL:     10   Next: 43%
Magic:  12/12      EV: 20    Int: 15    God:    Dithmenos [......]
Gold:   609        SH:  0    Dex: 26    Spells: 9/9 levels left

rFire   . . .      SeeInvis .   q - +6 rapier of Xarid {vorpal, Fly rElec Dex+4}
rCold   + . .      Faith    .   (no shield)
rNeg    . . .      Spirit   .   s - +0 ring mail
rPois   .          Reflect  .   (no helmet)
rElec   +          Harm     .   j - +1 cloak
rCorr   .          Rampage  .   (no gloves)
Will    +....                   r - +0 pair of boots
Stlth   ++++......              (no amulet)
HPRegen 0.20/turn               v - +4 ring of evasion
MPRegen 0.13/turn               w - ring of protection from cold

@: flying
A: no striking features
a: Renounce Religion


You were on level 10 of the Dungeon.
You worshipped Dithmenos.
Dithmenos was noncommittal.
You visited 2 branches of the dungeon, and saw 11 of its levels.
You also visited: Sewer.

You collected 609 gold pieces.

Inventory:

Hand Weapons
 a - a +2 shortbow
 q - the +6 rapier of Xarid (weapon) {vorpal, Fly rElec Dex+4}
   (You found it on level 3 of the Dungeon)

   It inflicts extra damage upon your enemies.
   Dex:       It affects your dexterity (+4).
   rElec:     It insulates you from electricity.
   Fly:       It grants you flight.
 x - a +6 short sword
Missiles
 y - 2 throwing nets
Armour
 b - a +0 leather armour
 j - a +1 cloak (worn)
 r - a +0 pair of boots (worn)
 s - a +0 ring mail (worn)
Jewellery
 g - a ring of resist corrosion
 n - a +6 ring of intelligence
 v - a +4 ring of evasion (left hand)
 w - a ring of protection from cold (right hand)
Wands
 c - a wand of paralysis (20)
Scrolls
 d - 2 scrolls of enchant weapon
 f - 3 scrolls of enchant armour
 k - a scroll of blinking
 l - a scroll of fog
 p - 2 scrolls of vulnerability
 C - a scroll of identify
Potions
 e - a potion of might {unknown}
 i - a potion of brilliance {unknown}
 m - 3 potions of lignification
 t - 2 potions of haste
 u - 2 potions of flight {unknown}
 z - a potion of berserk rage {unknown}
 A - a potion of attraction {unknown}
 B - a potion of mutation {unknown}


   Skills:
 + Level 6.0 Fighting
 * Level 13.7 Bows
 + Level 8.7 Dodging
 + Level 9.2 Stealth


You had 9 spell levels left.
You didn't know any spells.
Your spell library contained the following spells:

 Spells                   Type           Power      Damage    Failure   Level
 Animate Skeleton         Necr           0%         N/A       63%         1
 Apportation              Tloc           0%         N/A       63%         1
 Summon Small Mammal      Summ           0%         N/A       63%         1
 Conjure Flame            Conj/Fire      0%         6-21      94%         3
 Gell's Gravitas          Tloc           0%         N/A       94%         3
 Ignite Poison            Fire/Tmut/Pois 0%         N/A       94%         3
 Lesser Beckoning         Tloc           0%         N/A       94%         3
 Ozocubu's Armour         Ice            0%         N/A       94%         3
 Teleport Other           Tloc           0%         N/A       94%         3
 Leda's Liquefaction      Hex/Erth       0%         N/A       100%        4
 Sticky Flame             Conj/Fire      0%         2d3       100%        4
 Lee's Rapid Deconstruct  Erth           0%         3d5*      100%        5
 Summon Forest            Summ/Tloc      0%         N/A       100%        5
 Summon Mana Viper        Hex/Summ       0%         N/A       100%        5
 Statue Form              Tmut/Erth      0%         N/A       100%        6
 Summon Cactus Giant      Summ           0%         N/A       100%        6
 Ozocubu's Refrigeration  Ice            0%         4d5       100%        7


Dungeon Overview and Level Annotations

Branches:
Dungeon (10/15)            Temple (1/1) D:7            Lair (0/6) D:8
    Orc (0/2) D:9           Sewer (visited)

Altars:
Ashenzari
Cheibriados
Dithmenos
Elyvilon
Fedhas
Gozag
Hepliaklqana
Kikubaaqudgha
Nemelex Xobeh
Okawaru
Qazlal
Ru
Sif Muna
Uskayaw
Vehumet
Wu Jian
Xom
Yredelemnul
Zin
The Shining One

Shops:
D:3 (

Annotations:
D:4 1 runed translucent door


Message History

A troll is nearby!
You shoot an arrow. The troll shouts!
The arrow hits the troll.
The troll is lightly wounded.
No target in view!
A troll is nearby!
You shoot an arrow. The arrow hits the troll!
The troll is moderately wounded.
You shoot an arrow. The arrow hits the troll.
The troll is moderately wounded.
You shoot an arrow. The arrow barely misses the troll.
You shoot an arrow. The arrow hits the troll.
The troll is moderately wounded.
You feel agile.
You fly up into the air.
q - the +6 rapier of Xarid (weapon)
{vorpal, Fly rElec Dex+4} You hit the troll.
The troll is moderately wounded.
The troll closely misses you. The troll misses you. The troll claws you!
You hit the troll but do no damage.
The troll is moderately wounded.
The troll barely misses you. The troll misses you.
The troll completely misses you. The troll bites you!
The troll barely misses you. The troll claws you but does no damage.
You puncture the troll!
The troll is severely wounded.
The troll bites you!
* * * LOW HITPOINT WARNING * * *
The troll closely misses you. The troll claws you.
* * * LOW HITPOINT WARNING * * *
You puncture the troll!
The troll is almost dead.
The troll misses you. The troll claws you!
* * * LOW HITPOINT WARNING * * *
The troll claws you but does no damage.
You barely miss the troll.
The troll is almost dead.
The troll barely misses you. x2; The troll claws you!
You die...

########.#
.........####
#.#.........#
#.#.........# #
#.#.#.......+
#.##.#.#.......#
#.....<#.......#
#.##.###...@...#
#######.######T####
...............#
########.#...###
#.#...# #.#...#
#)#...# #+#...#
....###


You could see a troll.

Vanquished Creatures
  10 yaks (D:8)
  A wraith (D:9)
  A wyvern (D:8)
  An orc warrior (D:8)
  3 ice beasts
  A black bear (D:5)
  An ogre (D:7)
  5 sky beasts
  5 centaurs
  A phantom (D:5)
  2 kobold brigands
  3 bullfrogs
  2 gnoll sergeants
  3 necrophages
  4 scorpions
  3 wights (D:6)
  5 killer bees (D:10)
  2 howler monkeys (D:8)
  4 jellies
  2 hounds (D:5)
  4 orc priests
  A gnoll shaman (D:5)
  An iguana (D:5)
  6 orc wizards
  13 adders
  22 gnolls
  A river rat (Sewer)
  A shadow imp (D:7)
  A white imp (D:8)
  5 worms
  4 dart slugs
  31 orcs
  4 ball pythons
  4 bats
  12 endoplasms
  6 giant cockroaches
  7 goblins
  6 hobgoblins
  6 jackals (D:1)
  10 kobolds
  2 quokkas
  9 frilled lizards
  A goblin skeleton (D:4)
  11 rats
227 creatures vanquished.

Notes
Turn   | Place    | Note
-------+----------+-------------------------------------------
     0 | D:1      | epen the Deep Elf Hunter began the quest for the Orb.
     0 | D:1      | Reached XP level 1. HP: 12/12 MP: 3/3
   109 | D:1      | Reached XP level 2. HP: 17/17 MP: 4/4
   665 | D:1      | Reached XP level 3. HP: 21/21 MP: 5/5
   806 | D:2      | Reached skill level 6 in Bows
   943 | D:2      | Reached XP level 4. HP: 26/26 MP: 6/6
  1826 | D:3      | Identified the +6 rapier of Xarid {vorpal, Fly rElec Dex+4}
  1954 | D:3      | Reached XP level 5. HP: 31/31 MP: 7/7
  2111 | D:3      | Found Bod Mausu's Weapon Emporium.
  2341 | D:3      | Found a radiant altar of Vehumet.
  2541 | D:4      | Reached skill level 7 in Bows
  2756 | D:4      | Reached XP level 6. HP: 36/36 MP: 8/8
  2803 | D:4      | Found a runed translucent door.
  2803 | D:4      | Noticed a human
  2850 | D:4      | Found a basalt altar of Yredelemnul.
  3458 | D:5      | Entered Level 5 of the Dungeon
  3607 | D:5      | Found a broken altar of Ashenzari.
  3642 | D:5      | Reached skill level 8 in Bows
  3717 | D:5      | Found a white marble altar of Elyvilon.
  3777 | D:5      | Reached XP level 7. HP: 18/41 MP: 9/9
  3834 | D:5      | Found a glowing drain.
  3843 | Sewer    | Entered a sewer
  4101 | Sewer    | Found a shimmering altar of Xom.
  4193 | D:5      | Reached skill level 5 in Dodging
  4202 | D:5      | Reached skill level 5 in Stealth
  4203 | D:5      | Reached skill level 9 in Bows
  4558 | D:5      | Reached XP level 8. HP: 20/48 MP: 10/10
  4992 | D:5      | Found an ornate altar of the Wu Jian Council.
  5077 | D:5      | Reached skill level 10 in Bows
  6193 | D:6      | Reached skill level 11 in Bows
  6193 | D:6      | Reached XP level 9. HP: 46/52 MP: 11/11
  6229 | D:6      | Found an ancient bone altar of Kikubaaqudgha.
  6345 | D:6      | Found a sacrificial altar of Ru.
  6709 | D:7      | Found a shimmering blue altar of Sif Muna.
  6798 | D:7      | Reached skill level 5 in Fighting
  6798 | D:7      | Found a shadowy altar of Dithmenos.
  7158 | D:7      | Found a staircase to the Ecumenical Temple.
  7189 | Temple   | Entered the Ecumenical Temple
  7358 | D:7      | Reached skill level 12 in Bows
  7412 | D:7      | Became a worshipper of Dithmenos the Shadowed
  8433 | D:8      | Reached XP level 10. HP: 56/60 MP: 12/12
  8626 | D:8      | Found a staircase to the Lair.
  8668 | D:8      | Reached skill level 13 in Bows
  9381 | D:9      | HP: 1/60 [wraith (5)]
 10143 | D:9      | Found an iron altar of Okawaru.
 10330 | D:9      | Found a staircase to the Orcish Mines.
 10383 | D:9      | Found a stormy altar of Qazlal.
 10383 | D:9      | Noticed a two-headed ogre
 10400 | D:10     | Entered Level 10 of the Dungeon
 10669 | D:10     | Slain by a troll

Illustrated notes

Levels and vault maps discovered:
D:1:      psy_arrival_radial02, layout_basic
D:2:      layout_loops_ring
D:3:      cheibrodos_old_hovel, layout_rooms, lemuel_coloured_pillars_altar,
          serial_shops, shop, grunt_ministairs_4
D:4:      layout_loops_cross, dk_yredelemnul_ordeal
D:5:      layout_gridville, amcnicky_altar_gilded, marbit_many_paths,
          mainiacjoe_overflow_catwalk, cheibrodos_sewer_entry_drain
D:6:      layout_loops_ring, nicolae_ru_the_path_less_chosen,
          mainiacjoe_overflow_cross_hatched
D:7:      layout_basic, mainiacjoe_overflow_alcove_1, grunt_dithmenos_smoke,
          minmay_temple_entry_tees, dk_vineyard_2
D:8:      layout_basic, lair_entry_dummy
D:9:      layout_basic, mainiacjoe_overflow_chevrons,
          mainiacjoe_overflow_alcove_4, bh_walls_and_bars
D:10:     layout_basic, nicolae_overflow_crystal_walls, bloody_makhleb
Temple:   dpeg_three_leaves_temple

Skill      XL: |  1  2  3  4  5  6  7  8  9 10 |
---------------+-------------------------------+-----
Stealth        | 2 3 4 5 6 8 9 |  9.2
Fighting       | 2 3 4 5 6 |  6.0
Bows           | 6 7 8 9 11 12 13 | 13.7
Dodging        | 3 4 5 6 8 |  8.7

Action                   |  1- 3 |  4- 6 |  7- 9 | 10-12 || total
-------------------------+-------+-------+-------+-------++-------
Melee: Rapier            |       |     6 |    97 |    61 ||   164
       Punch             |       |       |     1 |       ||     1
 Fire: Shortbow          |    76 |   167 |   321 |    86 ||   650
  Use: Scroll            |       |     6 |    10 |       ||    16
       Potion            |       |       |     7 |     5 ||    12
 Stab: Invisible         |       |       |     3 |       ||     3
       Distracted        |       |       |       |     1 ||     1
Armor: Leather armour    |     4 |    17 |    17 |       ||    38
       Ring mail         |       |       |    53 |    11 ||    64
Dodge: Dodged            |    10 |    43 |   233 |    90 ||   376

Table legend: (Time is in decaauts)
 A = Elapsed time spent in this place.
 B = Non-inter-level travel time spent in this place.
 C = Inter-level travel time spent in this place.
 D = Time resting spent in this place.
 E = Time spent auto-exploring this place.
 F = Levels seen in this place.
 G = Mean time per level.
                   A        B        C        D        E       F      G
               +--------+--------+--------+--------+--------+-----+--------+
         Total |  10808 |  10478 |    330 |   2408 |   6511 |  12 |  900.7 |
       Dungeon |  10327 |   9997 |    330 |   2288 |   6320 |  10 | 1032.7 |
        Temple |    112 |    112 |      0 |      0 |     58 |   1 |  112.0 |
         Sewer |    368 |    368 |      0 |    120 |    132 |   1 |  368.0 |
               +--------+--------+--------+--------+--------+-----+--------+

Top non-repeatable levels by time:
     D:5: 1537 daAuts
     D:7: 1419 daAuts
     D:8: 1383 daAuts
     D:6: 1121 daAuts
     D:9: 1068 daAuts
     D:4: 1024 daAuts
     D:2: 950 daAuts
     D:1: 823 daAuts
     D:3: 728 daAuts
   Sewer: 368 daAuts
    D:10: 271 daAuts
  Temple: 112 daAuts
